 Dungeon Crawl Stone Soup version 0.23.0 (webtiles) character file.

Game seed: 14758829332049902314

27321 DrEnzyme the Thaumaturge (level 13, 0/80 HPs)
             Began as a Vampire Conjurer on Feb 10, 2019.
             Was a High Priest of Vehumet.
             Succumbed to a spiny frog's poison
             ... on level 1 of the Lair of Beasts.
             The game lasted 02:46:53 (32381 turns).

DrEnzyme the Thaumaturge (Vampire Conjurer)        Turns: 32381, Time: 02:46:53

Health: 0/80       AC:  9    Str:  9    XL:     13   Next: 3%
Magic:  13/29      EV: 23    Int: 22    God:    Vehumet [*****.]
Gold:   789        SH:  0    Dex: 21    Spells: 6/36 levels left

rFire    + . .     SeeInvis +   b - +3 hunting sling
rCold    + . .     Gourm    .   (no shield)
rNeg     + + .     Faith    .   I - +0 troll leather armour
rPois    +         Spirit   .   (no helmet)
rElec    .         Reflect  .   H - scarf {repulsion}
rCorr    .         Harm     .   M - +2 pair of gloves
MR       +....                  (no boots)
Stlth    ++++++....             f - amulet of regeneration
HPRegen  0.51/turn              u - ring of wizardry
MPRegen  0.21/turn              y - +2 ring of protection

@: brilliant, agile, lethally poisoned (0 -> 0), regenerating slowly, studying
Air Magic, repel missiles
A: rotting body, fangs 3, hooves 1, see invisible, deterioration 1, dopey 1,
fire resistance 1, unbreathing
a: Bat Form, Renounce Religion


You were on level 1 of the Lair of Beasts.
You worshipped Vehumet.
Vehumet was extremely pleased with you.
You were thirsty.

You visited 4 branches of the dungeon, and saw 16 of its levels.

You collected 2195 gold pieces.
You spent 1406 gold pieces at shops.

Inventory:

Hand Weapons
 b - a +3 hunting sling (weapon)
Missiles
 g - 262 stones
 l - a throwing net
 D - 64 sling bullets (quivered)
Armour
 H - a scarf of repulsion (worn)
 I - a +0 troll leather armour (worn)
 M - a +2 pair of gloves (worn)
Jewellery
 f - an amulet of regeneration (around neck)
 u - a ring of wizardry (left hand)
 y - a +2 ring of protection (right hand)
 z - an uncursed ring of flight
 G - an uncursed ring of fire
Wands
 J - a wand of digging (1)
 L - a wand of polymorph (3)
Scrolls
 c - a scroll of acquirement {unknown}
 k - 2 scrolls of teleportation
 q - a scroll of fog
 r - a scroll of amnesia
 w - 3 scrolls of remove curse
 B - a scroll of random uselessness {unknown}
 C - a scroll of immolation {unknown}
Potions
 a - 8 potions of blood
 h - a potion of might
 n - 2 potions of flight
 p - a potion of haste
 s - 5 potions of brilliance
Books
 i - a manual of Air Magic


   Skills:
 - Level 0.3 Fighting
 - Level 4.3 Slings
 + Level 8.2 Dodging
 + Level 7.6 Stealth
 + Level 12.2 Spellcasting
 + Level 9.2 Conjurations
 - Level 5.5 Hexes
 - Level 0.1 Fire Magic
 - Level 9.0 Earth Magic
 - Level 0.2 Evocations


You had 6 spell levels left.
You knew the following spells:

 Your Spells              Type           Power        Failure   Level  Hunger
a - Magic Dart            Conj           ####         1%          1    None
b - Searing Ray           Conj           ######       1%          2    None
c - Fulminant Prism       Conj/Hex       ######....   1%          4    None
d - Flame Tongue          Conj/Fire      #####        1%          1    None
e - Ignite Poison         Fire/Tmut/Pois ####....     2%          3    None
f - Conjure Flame         Conj/Fire      #####...     1%          3    None
g - Iron Shot             Conj/Erth      ######....   3%          6    #####..
h - Orb of Destruction    Conj           ######....   14%         7    #######
i - Mephitic Cloud        Conj/Pois/Air  #####...     1%          3    None

Your spell library contained the following spells:

 Spells                   Type           Power        Failure   Level  Hunger
 Irradiate                Conj/Tmut      #####.....   3%          5    ####...
 Dazzling Spray           Conj/Hex       ######       1%          3    None
 Force Lance              Conj/Tloc      #####...     1%          4    None
 Iskenderun's Mystic Bla  Conj           ######..     1%          4    None
 Bolt of Magma            Conj/Fire/Erth ######....   1%          5    ####...
 Iskenderun's Battlesphe  Conj/Chrm      #####...     3%          5    ####...
 Venom Bolt               Conj/Pois      #####.....   3%          5    ####...
 Spellforged Servitor     Conj/Summ      #####.....   58%         7    #######


Dungeon Overview and Level Annotations

Branches:
Dungeon (12/15)            Temple (1/1) D:4            Lair (1/6) D:8
    Orc (2/2) D:11            Elf (0/3) Orc:2

Altars:
Ashenzari
Cheibriados
Dithmenos
Elyvilon
Fedhas
Gozag
Hepliaklqana
Kikubaaqudgha
Makhleb
Nemelex Xobeh
Qazlal
Ru
Sif Muna
Trog
Uskayaw
Vehumet
Wu Jian
Xom
Yredelemnul
Zin
The Shining One

Shops:
D:7 }   D:8 :   D:9 :   Orc:2 ((=:

Portals:
Trove: D:12 (give +2 gold dragon scales)

Annotations:
D:3 exclusion: downstairs
D:4 exclusion: 3 downstairs
D:10 exclusions: gargoyle and upstairs
D:11 exclusion: downstairs
Lair:1 Nergalle
Orc:1 exclusion: downstairs Trove +2 GDS


Innate Abilities, Weirdness & Mutations

Your body is rotting away.
You thrive on raw meat.
You heal slowly.
You have razor-sharp teeth.
You have supernaturally acute eyesight. (SInv)
You can survive without breathing.
You have large cloven feet.
Your body sometimes deteriorates upon taking damage.
You are dopey. (Int -2)
Your flesh is heat resistant. (rF+)


Message History

Unknown command.
Okay, then.
Unknown command.
Casting: Searing Ray (safe; 1% risk of failure)
Confirm with . or Enter, or press ? or * to list all spells.
Okay, then.
Unknown command.
Okay, then.
You feel clever all of a sudden.
* * * LOW HITPOINT WARNING * * *
You feel sick.
Really quaff the potion of mutation?
You feel extremely strange.
Your body's shape seems more normal.
You feel stupid.
You feel yourself wasting away.
You feel resistant to heat.
* * * LOW HITPOINT WARNING * * *
You feel sick.
* * * LOW HITPOINT WARNING * * *
You feel sick.
You die...

## .# .[
.##
#.##..###
#.#.....#
.......##
#.......#
#......#
#....P##
##@..##
#####


There were no monsters in sight!

Vanquished Creatures
  A stone giant (Orc:1)
  Harold (D:8)
  2 hydras
  A two-headed ogre (D:9)
  An orc high priest (Orc:2)
  An unseen horror (D:11)
  An obsidian statue (D:10)
  A deep elf archer (D:10)
  A deep elf mage (D:10)
  An orc knight (D:11)
  An ugly thing (D:11)
  5 orc sorcerers
  A cyclops (D:10)
  2 spiny frogs (Lair:1)
  A gargoyle (D:11)
  2 komodo dragons
  3 meliai (D:11)
  5 trolls
  2 blink frogs (Lair:1)
  4 slime creatures
  A meliai zombie (D:11)
  A hornet (D:9)
  4 hippogriffs
  A shadow (D:11)
  3 wyverns
  12 yaks (D:9)
  A wraith (D:11)
  3 hungry ghosts
  A steam dragon (D:8)
  2 basilisks
  4 wargs
  An acid dragon (D:12)
  3 soldier ants
  5 water moccasins
  2 porcupines (Lair:1)
  18 orc warriors
  2 ice beasts
  A hornet zombie (D:11)
  A sky beast (D:4)
  9 ogres
  3 phantoms
  2 black bears
  6 wolves
  3 centaurs
  2 crocodiles (D:8)
  2 big kobolds
  7 bullfrogs
  2 scorpions
  11 killer bees
  A howler monkey (D:7)
  A centaur zombie (D:11)
  5 crimson imps
  2 bullfrog zombies
  A gnoll shaman (D:7)
  7 hounds
  2 jellies
  22 orc priests
  A bullfrog skeleton (D:7)
  A centaur skeleton (D:6)
  26 orc wizards
  2 iguanas
  12 worker ants
  3 hound zombies
  A hound skeleton (D:4)
  A worker ant zombie (D:7)
  5 gnolls
  14 adders
  3 shadow imps
  An adder zombie (D:8)
  2 oozes
  An adder skeleton (D:8)
  8 worms
  A dart slug (D:1)
  5 leopard geckos
  82 orcs
  13 bats
  10 giant cockroaches
  7 goblins
  6 hobgoblins
  5 jackals
  12 kobolds
  7 quokkas
  3 ball pythons
  11 frilled lizards
  A leopard gecko skeleton (D:5)
  A leopard gecko zombie (D:6)
  8 rats
  4 fulminant prisms
448 creatures vanquished.

Vanquished Creatures (others)
  A bush (D:10)
  415 fulminant prisms
  A plant (Lair:1)
417 creatures vanquished.

Grand Total: 865 creatures vanquished

Notes
Turn   | Place    | Note
-------+----------+-------------------------------------------
     0 | D:1      | DrEnzyme the Vampire Conjurer began the quest for the Orb.
     0 | D:1      | Reached XP level 1. HP: 13/13 MP: 3/3
   259 | D:1      | Reached XP level 2. HP: 20/20 MP: 0/5
   332 | D:1      | Learned a level 2 spell: Searing Ray
  1238 | D:1      | Reached XP level 3. HP: 25/25 MP: 3/6
  1568 | D:2      | Found a glowing silver altar of Zin.
  1571 | D:2      | Found a stormy altar of Qazlal.
  1747 | D:2      | Found a basalt altar of Yredelemnul.
  2451 | D:2      | Reached XP level 4. HP: 31/31 MP: 2/7
  2566 | D:3      | Found a hazy altar of Hepliaklqana.
  3313 | D:3      | Reached skill level 1 in Slings
  3618 | D:4      | Found a staircase to the Ecumenical Temple.
  3627 | Temple   | Entered the Ecumenical Temple
  3675 | Temple   | Became a worshipper of Vehumet
  3708 | D:4      | Reached skill level 3 in Spellcasting
  3708 | D:4      | Reached XP level 5. HP: 36/36 MP: 1/9
  4347 | D:4      | Learned a level 4 spell: Fulminant Prism
  5184 | D:4      | Reached skill level 1 in Hexes
  5505 | D:4      | Reached XP level 6. HP: 42/42 MP: 6/11
  5639 | D:4      | Found a bloodstained altar of Trog.
  6179 | D:4      | Found an ancient bone altar of Kikubaaqudgha.
  6180 | D:4      | Found a blossoming altar of Fedhas.
  6526 | D:5      | Entered Level 5 of the Dungeon
  6526 | D:5      | Noticed a sky beast
  6739 | D:4      | Reached skill level 4 in Spellcasting
  6905 | D:4      | Killed a sky beast
  7240 | D:4      | Reached * piety under Vehumet
  7240 | D:4      | Offered knowledge of Flame Tongue by Vehumet.
  7240 | D:4      | Reached XP level 7. HP: 28/47 MP: 4/13
  8170 | D:5      | Reached skill level 5 in Stealth
  8294 | D:5      | Reached skill level 5 in Spellcasting
  8436 | D:5      | Learned a level 1 spell: Flame Tongue
  8894 | D:5      | Found a sacrificial altar of Ru.
  9440 | D:5      | Reached XP level 8. HP: 53/53 MP: 2/16
  9791 | D:6      | Reached skill level 5 in Hexes
 10058 | D:6      | Found a burning altar of Makhleb.
 10720 | D:7      | Reached skill level 6 in Spellcasting
 11006 | D:6      | Offered knowledge of Shock by Vehumet.
 11256 | D:7      | Reached ** piety under Vehumet
 11494 | D:7      | Found Afevvy Imiom's Gadget Shop.
 11649 | D:7      | Found a shadowy altar of Dithmenos.
 12260 | D:7      | Reached XP level 9. HP: 58/58 MP: 9/19
 12264 | D:7      | Learned a level 1 spell: Shock
 12338 | D:7      | Found a deep blue altar of Sif Muna.
 12559 | D:8      | Reached skill level 5 in Dodging
 12641 | D:7      | Reached skill level 7 in Spellcasting
 12856 | D:8      | Offered knowledge of Conjure Flame by Vehumet.
 12861 | D:8      | Learned a level 3 spell: Conjure Flame
 13002 | D:8      | Found Moxt's Book Shop.
 13240 | D:8      | Found a sparkling altar of Nemelex Xobeh.
 13936 | D:8      | Reached skill level 5 in Conjurations
 13939 | D:8      | Reached skill level 8 in Spellcasting
 13946 | D:8      | Noticed Harold
 14308 | D:9      | Learned a level 6 spell: Iron Shot
 14343 | D:9      | Found Tyfoij's Book Shop.
 14353 | D:9      | Reached skill level 1 in Earth Magic
 14522 | D:9      | Found a glowing golden altar of the Shining One.
 14632 | D:9      | Noticed a two-headed ogre
 14783 | D:9      | Reached XP level 10. HP: 53/64 MP: 8/22
 14860 | D:9      | Reached *** piety under Vehumet
 14941 | D:10     | Entered Level 10 of the Dungeon
 15675 | D:10     | Noticed a cyclops
 15707 | D:10     | Noticed an obsidian statue
 16215 | D:9      | Reached skill level 9 in Spellcasting
 16420 | D:9      | Learned a level 7 spell: Orb of Destruction
 17998 | D:9      | Killed a two-headed ogre
 17998 | D:9      | Offered knowledge of Mephitic Cloud by Vehumet.
 17998 | D:9      | Reached XP level 11. HP: 69/69 MP: 6/24
 18003 | D:9      | Learned a level 3 spell: Mephitic Cloud
 19474 | D:10     | Killed an obsidian statue
 19474 | D:10     | Reached skill level 10 in Spellcasting
 20542 | D:11     | Noticed an orc knight
 20568 | D:11     | Killed an orc knight
 20577 | D:11     | Noticed a six-headed hydra
 20680 | D:10     | Reached **** piety under Vehumet
 20817 | D:10     | Reached skill level 5 in Earth Magic
 21005 | D:7      | Bought a wand of digging (4) for 192 gold pieces
 21241 | D:10     | Offered knowledge of Ignite Poison by Vehumet.
 21244 | D:10     | Noticed a deep elf archer
 21250 | D:10     | Killed a deep elf archer
 21468 | D:10     | Noticed a stone giant
 21487 | D:10     | Learned a level 3 spell: Ignite Poison
 22163 | D:11     | Killed a six-headed hydra
 22440 | D:11     | Noticed a red ugly thing
 22619 | D:11     | Found a staircase to the Orcish Mines.
 23518 | D:12     | Noticed a skeletal warrior
 23538 | D:12     | Noticed a purple ugly thing
 23567 | D:12     | Noticed an orc knight
 23648 | D:12     | Found a portal to a secret trove of treasure.
 23714 | D:12     | Noticed a brown ugly thing
 23727 | D:12     | Identified the ring "Osustrilum" {*Tele +Blink rF- Str+10}
 23752 | D:12     | Noticed an orc knight
 23776 | D:12     | Noticed an unseen horror
 23821 | D:11     | Killed an unseen horror
 23912 | Orc:1    | Entered Level 1 of the Orcish Mines
 24196 | D:10     | Noticed a deep elf mage
 24201 | D:10     | Killed a deep elf mage
 24837 | D:8      | Reached skill level 11 in Spellcasting
 24840 | D:8      | Killed Harold
 24840 | D:8      | Reached XP level 12. HP: 61/75 MP: 14/27
 24910 | D:8      | Found a staircase to the Lair.
 24937 | Lair:1   | Entered Level 1 of the Lair of Beasts
 25295 | Lair:1   | Noticed a five-headed hydra
 25328 | Lair:1   | Noticed Nergalle
 25533 | Lair:1   | Noticed Nergalle
 25533 | Lair:1   | Nergalle changed into Nergalle the slime creature
 25655 | Lair:1   | Killed a five-headed hydra
 26370 | Orc:1    | Noticed a stone giant
 27008 | Orc:2    | Entered Level 2 of the Orcish Mines
 27770 | Orc:2    | Noticed an orc high priest
 28164 | D:9      | Bought a manual of Air Magic for 1214 gold pieces
 29264 | Orc:1    | Killed a stone giant
 29613 | Orc:1    | Paralysed by an orc sorcerer for 2 turns
 30296 | Orc:2    | Reached ***** piety under Vehumet
 30631 | Orc:1    | Offered knowledge of Irradiate by Vehumet.
 30795 | Orc:2    | Killed an orc high priest
 30795 | Orc:2    | Reached skill level 12 in Spellcasting
 31380 | Orc:2    | Found a staircase to the Elven Halls.
 31651 | Orc:2    | Found Ypnie's Antique Weapon Boutique.
 31651 | Orc:2    | Found Peso's Book Shop.
 31652 | Orc:2    | Found Epiunob's Jewellery Shop.
 31656 | Orc:2    | Found Xaoxixis's Antique Weapon Boutique.
 32034 | Lair:1   | Reached XP level 13. HP: 80/80 MP: 21/29
 32372 | Lair:1   | HP: 4/80 [poisoned by a spiny frog]
 32374 | Lair:1   | Gained mutation: Armour fits poorly on your strangely
                  | shaped body. [potion of mutation]
 32374 | Lair:1   | Gained mutation: You have large cloven feet. [potion of
                  | mutation]
 32377 | Lair:1   | HP: 1/80 [poisoned by a spiny frog]
 32378 | Lair:1   | Lost mutation: Armour fits poorly on your strangely shaped
                  | body. [potion of mutation]
 32378 | Lair:1   | Gained mutation: You are dopey. (Int -2) [potion of
                  | mutation]
 32378 | Lair:1   | Gained mutation: Your body sometimes deteriorates upon
                  | taking damage. [potion of mutation]
 32378 | Lair:1   | Gained mutation: Your flesh is heat resistant. (rF+)
                  | [potion of mutation]
 32381 | Lair:1   | Succumbed to a spiny frog's poison

Skill      XL: |  1  2  3  4  5  6  7  8  9 10 11 12 |
---------------+-------------------------------------+-----
Conjurations   | 3 4 5 6 8 9 |  9.2
Slings         | 1 2 4 |  4.3
Spellcasting   | 3 4 5 6 8 9 11 12 | 12.2
Hexes          | 1 3 4 5 |  5.5
Stealth        | 4 5 6 7 |  7.6
Dodging        | 3 4 5 6 7 8 |  8.2
Earth Magic    | 1 4 6 9 |  9.0
Fighting       | |  0.3
Fire Magic     | |  0.1
Evocations     | |  0.2

Action                   |  1- 3 |  4- 6 |  7- 9 | 10-12 | 13-15 || total
-------------------------+-------+-------+-------+-------+-------++-------
Melee: Unarmed           |       |       |       |     8 |       ||     8
       Bite              |       |       |       |     1 |       ||     1
 Fire: Hunting sling     |    17 |    29 |    40 |    51 |       ||   137
 Cast: Magic Dart        |    95 |   127 |    16 |     7 |       ||   245
       Searing Ray       |     2 |    24 |    26 |    45 |    10 ||   107
       Fulminant Prism   |       |     4 |   120 |   289 |     7 ||   420
       Flame Tongue      |       |       |     1 |       |       ||     1
       Iron Shot         |       |       |       |    86 |       ||    86
       Conjure Flame     |       |       |       |     8 |       ||     8
       Mephitic Cloud    |       |       |       |     5 |       ||     5
       Ignite Poison     |       |       |       |     3 |       ||     3
 Abil: Bat Form          |       |     2 |     3 |    45 |     3 ||    53
       End Transformatio |       |     2 |     3 |    45 |     2 ||    52
Evoke: Wand              |       |       |     8 |    39 |       ||    47
  Use: Potion            |     2 |    11 |    18 |    55 |     8 ||    94
       Scroll            |     2 |     7 |     7 |    13 |     1 ||    30
 Stab: Distracted        |       |       |       |     1 |       ||     1
  Eat: Corpse            |     1 |     1 |     7 |    11 |       ||    20
Armor: Robe              |    12 |    22 |    21 |     6 |       ||    61
       Troll leather arm |       |       |       |    43 |     2 ||    45
Dodge: Dodged            |    26 |    87 |   115 |   408 |     9 ||   645
       Deflected         |       |       |       |     8 |       ||     8
